 Dungeon Crawl Stone Soup version 0.18.1-6-gd335043 (webtiles) character file.

88711 inmateoo the Grand Gadgeteer (level 15, -1/80 HPs)
             Began as a Spriggan Assassin on May 16, 2016.
             Was the Champion of Pakellas.
             Slain by a spark wasp (17 damage)
             ... on level 2 of the Spider Nest.
             The game lasted 01:32:53 (29735 turns).

inmateoo the Grand Gadgeteer (Spriggan Assassin)   Turns: 29735, Time: 01:32:53

Health: -1/80      AC:  5    Str:  7    XL:     15   Next: 47%
Magic:  13/29      EV: 21    Int: 19    God:    Pakellas [******]
Gold:   2630       SH:  0    Dex: 23    Spells: 5 memorised, 17 levels left

rFire  + . .     SeeInvis +     G - +10 rod of shadows (3/18)
rCold  + . .     Gourm    .     a - +2 robe {rC+ rF+}
rNeg   . . .     Faith    .     (shield restricted)
rPois  .         Spirit   .     V - +0 hat of Refuge {Int+5}
rElec  .         Dismiss  .     d - +0 cloak
rCorr  +         Reflect  .     (gloves unavailable)
SustAt .         Harm     .     (boots unavailable)
MR     ++...                    P - amulet of inaccuracy (curse)
Stlth  ++++++++..               t - ring of resist corrosion
                                n - +6 ring of evasion

@: held, very quick, very resistant to hostile enchantments, extraordinarily
stealthy
A: unfitting armour, see invisible, herbivore 3, speed 3, slow metabolism 2
a: Quick Charge, Device Surge, Renounce Religion


You were on level 2 of the Spider Nest.
You worshipped Pakellas.
Pakellas was exalted by your worship.
You were not hungry.

You visited 5 branches of the dungeon, and saw 26 of its levels.
You also visited: Labyrinth and Ice Cave.

You collected 2630 gold pieces.

Inventory:

Hand Weapons
 e - the +2 falchion of Jun Loub {holy, rPois Stlth+}
   (You found it on level 1 of the Spider Nest)

   It has been blessed by the Shining One to cause great damage to the undead
   and demons.
   It protects you from poison.
   It makes you more stealthy.
 v - a +2 dagger of venom
Missiles
 B - 2 throwing nets (quivered)
Armour
 a - a +2 robe of resistance (worn)
 d - a +0 cloak (worn)
 V - the +0 hat of Refuge (worn) {Int+5}
   (You found it on level 9 of the Dungeon)

   It affects your intelligence (+5).
Rods
 i - a +2 rod of inaccuracy (10/10)
   (You found it in a labyrinth)
 G - a +10 rod of shadows (3/18) (in hand)
   (Pakellas gifted it to you on level 3 of the Lair of Beasts)
 T - a +5 lightning rod (13/13)
   (You found it in a labyrinth)
Jewellery
 n - a +6 ring of evasion (left hand)
 t - a ring of resist corrosion (right hand)
 K - an uncursed amulet of harm {unknown}
 P - a cursed amulet of inaccuracy (around neck)
Wands
 y - a wand of teleportation (5/9)
 L - a wand of paralysis (14/24)
 N - a wand of teleportation (5/9)
 Q - a wand of digging (15/24)
 R - a wand of lightning (7/15)
 U - a wand of disintegration (10/24)
Scrolls
 h - 18 scrolls of identify {unknown}
 j - 4 scrolls of recharging {unknown}
 l - a scroll of summoning {unknown}
 m - 10 scrolls of remove curse {unknown}
 p - 3 scrolls of fear {unknown}
 q - 2 scrolls of noise {unknown}
 r - 2 scrolls of immolation {unknown}
 w - 4 scrolls of enchant armour {unknown}
 x - 4 scrolls of magic mapping {unknown}
 A - 5 scrolls of fog {unknown}
 C - 10 scrolls of teleportation {unknown}
 E - 4 scrolls of amnesia {unknown}
 H - a scroll of silence {unknown}
 I - 3 scrolls of holy word {unknown}
 J - a scroll of random uselessness {unknown}
 O - 7 scrolls of enchant weapon {unknown}
Potions
 c - 5 potions of mutation {unknown}
 f - 4 potions of flight {unknown}
 k - 7 potions of curing {unknown}
 o - 3 potions of beneficial mutation {unknown}
 s - 2 potions of invisibility
 u - 4 potions of cancellation {unknown}
 z - 12 potions of magic
 D - a potion of might {unknown}
 F - 6 potions of heal wounds {unknown}
 M - a potion of degeneration {unknown}
 S - 2 potions of agility {unknown}
 W - a potion of berserk rage {unknown}
 X - 3 potions of haste {unknown}
 Y - a potion of brilliance {unknown}
 Z - 4 potions of lignification {unknown}
Miscellaneous
 b - a stone of tremors
Comestibles
 g - 4 bread rations


   Skills:
 + Level 10.1 Fighting
 - Level 8.4 Short Blades
 - Level 6.2 Throwing
 + Level 15.8 Dodging
 - Level 16.0 Stealth
 + Level 7.3 Spellcasting
 + Level 6.5 Translocations
 * Level 19.5 Evocations


You had 17 spell levels left.
You knew the following spells:

 Your Spells              Type           Power        Failure   Level  Hunger
a - Apportation           Tloc           ####......   1%          1    None
b - Cure Poison           Pois           #.........   17%         2    None
c - Blink                 Tloc           N/A          1%          2    None
d - Shroud of Golubria    Chrm/Tloc      ###.......   4%          2    None
e - Passage of Golubria   Tloc           N/A          10%         4    ###....


Dungeon Overview and Level Annotations

Branches:
Dungeon (13/15)            Temple (1/1) D:4            Lair (8/8) D:8
  Swamp (0/4) Lair:5       Spider (2/4) Lair:6        Slime (0/6) Lair:8
    Orc (2/2) D:12            Elf (0/3) Orc:2        Vaults (0/5) D:13

Altars:
Ashenzari
Cheibriados
Dithmenos
Elyvilon
Fedhas
Kikubaaqudgha
Makhleb
Nemelex Xobeh
Okawaru
Pakellas
Qazlal
Ru
Trog
Vehumet
Xom
Yredelemnul
Zin
The Shining One
Beogh

Shops:
D:6 :=:   D:7 ?   Orc:2 (?}[

Annotations:
D:13 Norris, Rupert
Spider:2 Nikola


Innate Abilities, Weirdness & Mutations

You are tiny and cannot use many weapons and most armour.
You have supernaturally acute eyesight.
You are a herbivore.
You cover ground extremely quickly.
You need consume almost no food.


Message History

Unknown command.
Wield which item (- for none, * to show all)? (? for menu, Esc to quit)
Your +2 dagger of venom stops dripping with poison.
G - a +10 rod of shadows (18/18) (in hand)
The jumping spider completely misses you.
The jumping spider bites you. Wisps of shadow whirl around you...
The jumping spider pounces on you! The jumping spider misses you.
The jumping spider leaps!
Unknown command.
Unknown command.
Wisps of shadow whirl around you...
The jumping spider leaps!
The spark wasp stings you! The spark wasp shocks you!
Unknown command.
Unknown command.
Wisps of shadow whirl around you...
The jumping spider leaps!
The spark wasp stings you!
* * * LOW HITPOINT WARNING * * *
The spark wasp shocks you!
You die...
Pakellas says: Time to find a new assistant...

.#.......###...##c@......#.#...†.
..#..).......#.###......##.......
.###.....#....#.###....###.......
.####.#..#......####..####.......
..# #............###.## #........
..# ##............##.# ##........
..# #..........T....###.........
######.....s..y.y.§..##..........
###.............@......##........
......................###.......#
........###.(..W......# #######.#
......### ##..........# #####
......## #.##........#######..##
.......# #.#####..§.#.#.......#.
.......# #### ###.###..........
.......# #.# ##.##..........#
##....####.# #.###...........


You could see a spark wasp, a jumping spider, a friendly flayed ghost, a
friendly deep troll and a friendly hornet.

Vanquished Creatures
  An emperor scorpion (Spider:2)
  Nessos (Lair:5)
  A minotaur (Lab)
  Josephine (D:10)
  An ice dragon (Lair:3)
  Erolcha (D:12)
  Fannar (Orc:1)
  4 hydras
  3 orc high priests (Orc:2)
  The ghost of mistymad the Fighter, a novice MiBe of Trog (D:9)
  Nergalle (Lair:1)
  An orc knight (Orc:1)
  3 hill giants
  An orc sorcerer (Orc:2)
  Pikel (D:5)
  7 orb spiders
  9 wolf spiders
  2 elephants
  A griffon (Lair:8)
  2 centaur zombies (D:12)
  A moth of wrath (Spider:1)
  6 black mambas
  Maurice (D:8)
  Psyche (D:10)
  A torpor snail (Lair:6)
  Joseph (D:7)
  A centaur skeleton (D:12)
  A gargoyle (D:7)
  9 spiny frogs
  A demonic crawler (Spider:2)
  A rime drake (Lair:6)
  4 komodo dragons
  A spriggan druid (Lair:8)
  8 jumping spiders
  2 giant leeches (Lair:5)
  A troll (D:5)
  A polar bear (Lair:5)
  A two-headed ogre (D:9)
  Prince Ribbit (D:7)
  19 blink frogs
  2 slime creatures (D:12)
  A boulder beetle (Spider:1)
  5 spriggans
  12 tarantellas
  4 wraiths (D:10)
  31 redbacks
  47 yaks
  A basilisk (Lair:1)
  A wyvern (Lair:6)
  A hill giant zombie (D:12)
  A steam dragon (D:7)
  5 hippogriffs
  5 hungry ghosts
  A swamp worm (Lair:5)
  A mottled dragon (D:12)
  2 wargs
  A soldier ant (D:12)
  Duvessa (D:7)
  18 water moccasins
  2 porcupines
  16 orc warriors
  7 ice beasts
  4 sky beasts
  A slave (D:5)
  A wasp (Lair:8)
  2 black bears
  A phantom (D:12)
  30 wolves
  A necrophage (D:7)
  8 ogres
  13 crocodiles
  7 centaurs
  4 big kobolds
  17 giant frogs
  A wyvern zombie (D:9)
  Dowan (D:7)
  4 scorpions
  2 troll zombies (D:12)
  6 killer bees
  17 wights
  An electric eel (Lair:7)
  2 crimson imps
  4 giant frog zombies
  5 jellies
  2 quasits
  21 orc priests
  3 hounds
  A giant frog skeleton (D:11)
  7 iguanas
  17 orc wizards
  4 worker ants
  2 killer bee zombies
  18 sheep
  An ogre zombie (D:12)
  2 hound skeletons
  A mummy (D:6)
  A howler monkey skeleton (D:9)
  13 gnolls
  10 adders
  51 river rats
  3 shadow imps
  An adder zombie (D:5)
  3 worms
  2 dart slugs
  7 giant geckos
  65 orcs
  4 giant cockroaches
  8 goblins
  5 hobgoblins
  9 jackals
  3 quokkas
  A ball python (D:4)
  7 bats
  A giant gecko zombie (D:5)
  A giant newt (D:1)
  2 gnoll zombies (D:4)
  4 goblin zombies (D:12)
  A jackal zombie (D:6)
  28 kobolds
  An orc skeleton (D:12)
  9 orc zombies (D:12)
  8 rats
  A butterfly (D:5)
  A fungus (Lair:8)
731 creatures vanquished.

Vanquished Creatures (collateral kills)
  Agnes (Spider:2)
  The ghost of HungrySpirit the Grand Gadgeteer, an adept VSAs of Pakellas (Spider:2)
  Donald (Spider:2)
  The ghost of kae the Impaler, a journeyman NaFi of Cheibriados (Lair:7)
  Snorg (D:12)
  2 hydras
  The ghost of epen the Summoner, a journeyman TeSu of Nemelex Xobeh (Lair:3)
  An orc high priest (Orc:2)
  3 death yaks (Lair:6)
  2 griffons
  2 orb spiders (Spider:2)
  3 orc sorcerers
  A moth of wrath (Spider:2)
  6 wolf spiders
  2 black mambas
  9 elephants
  2 spiny frogs
  A rime drake (Lair:8)
  2 demonic crawlers
  A spriggan druid (Lair:8)
  A komodo dragon (Lair:7)
  A troll (D:12)
  7 jumping spiders
  5 polar bears (Lair:8)
  A two-headed ogre (D:11)
  6 blink frogs
  5 slime creatures
  15 redbacks
  6 spriggans (Lair:8)
  8 yaks
  8 tarantellas
  A steam dragon (Lair:8)
  2 hippogriffs
  2 fire elementals (Lair:3)
  A hungry ghost (D:12)
  A warg (Orc:2)
  4 porcupines
  3 water moccasins
  6 orc warriors (Orc:2)
  2 black bears (Lair:8)
  A wasp (Lair:8)
  2 wolves (Lair:8)
  2 ice beasts (Lair:5)
  A phantom (D:12)
  5 crocodiles
  A big kobold (D:11)
  2 giant frogs
  A wyvern skeleton (D:7)
  A troll zombie (D:12)
  2 killer bees (D:8)
  A lava snake (Lair:3)
  A giant frog zombie (D:12)
  6 orc priests
  An iguana (Lair:6)
  6 orc wizards (Orc:2)
  2 sheep (Lair:1)
  An ogre zombie (D:12)
  2 gnolls (D:9)
  11 river rats
  10 orcs
  A jackal (D:11)
  2 kobolds (D:11)
  A quokka (D:7)
  A goblin skeleton (D:12)
  A goblin zombie (D:12)
  3 orc zombies (D:12)
  2 fungi
198 creatures vanquished.

Vanquished Creatures (others)
  A redback (Spider:2)
  A sky beast (D:5)
  2 slaves
  A wight (D:6)
  11 fungi
  2 plants
18 creatures vanquished.

Grand Total: 947 creatures vanquished

Notes
Turn   | Place    | Note
--------------------------------------------------------------
     0 | D:1      | inmateoo the Spriggan Assassin began the quest for the Orb.
     0 | D:1      | Reached XP level 1. HP: 10/10 MP: 2/2
   293 | D:1      | Reached XP level 2. HP: 15/15 MP: 3/3
   919 | D:2      | Reached XP level 3. HP: 18/18 MP: 4/4
  1406 | D:2      | Reached XP level 4. HP: 23/23 MP: 5/5
  2221 | D:3      | Reached XP level 5. HP: 25/26 MP: 6/6
  2997 | D:4      | Found a basalt altar of Yredelemnul.
  3162 | D:4      | Found a blossoming altar of Fedhas.
  3256 | D:4      | Reached XP level 6. HP: 30/30 MP: 7/7
  3274 | D:4      | Found a staircase to the Ecumenical Temple.
  3326 | Temple   | Entered the Ecumenical Temple
  3330 | Temple   | Became a worshipper of Pakellas the Inventive
  3393 | D:4      | Found a sparkling altar of Nemelex Xobeh.
  3634 | D:5      | Entered Level 5 of the Dungeon
  3641 | D:5      | Noticed a sky beast
  3738 | D:5      | Reached skill level 1 in Evocations
  3760 | D:5      | Noticed a slave
  3772 | D:5      | Noticed Pikel
  3772 | D:5      | Noticed a slave
  3773 | D:5      | Noticed a slave
  3773 | D:5      | Noticed a slave
  3796 | D:5      | Killed a slave
  3812 | D:5      | Killed Pikel
  3812 | D:5      | Reached skill level 5 in Dodging
  3812 | D:5      | Reached skill level 3 in Evocations
  3812 | D:5      | Reached XP level 7. HP: 28/35 MP: 10/10
  4036 | D:5      | Found a shimmering altar of Xom.
  4094 | D:5      | Noticed a troll
  4135 | D:5      | Killed a troll
  4135 | D:5      | Reached skill level 10 in Stealth
  4135 | D:5      | Reached skill level 4 in Evocations
  4135 | D:5      | Reached XP level 8. HP: 33/40 MP: 12/12
  4354 | D:5      | Reached * piety under Pakellas
  4354 | D:5      | Received a gift from Pakellas
  4364 | D:5      | Found a glowing silver altar of Zin.
  4508 | D:5      | Found a glowing golden altar of the Shining One.
  4564 | D:5      | Reached skill level 5 in Evocations
  4739 | D:6      | Found an ancient bone altar of Kikubaaqudgha.
  4739 | D:6      | Found Gell's Book Boutique.
  4842 | D:6      | Found Rebryl's Book Shoppe.
  4871 | D:6      | Found Ocliq's Jewellery Boutique.
  5034 | D:6      | Reached skill level 5 in Short Blades
  5076 | D:6      | Reached skill level 6 in Evocations
  5178 | D:6      | Reached XP level 9. HP: 30/44 MP: 14/14
  5262 | D:6      | Found a snail-covered altar of Cheibriados.
  5283 | D:7      | Noticed Prince Ribbit
  5283 | D:7      | Noticed Joseph
  5284 | D:7      | Found Moleikak's Magic Scroll Boutique.
  5286 | D:7      | Killed Prince Ribbit
  5292 | D:7      | Killed Joseph
  5292 | D:7      | Reached skill level 5 in Throwing
  5324 | D:7      | Reached skill level 7 in Evocations
  5331 | D:7      | Reached ** piety under Pakellas
  5331 | D:7      | Received a gift from Pakellas
  5481 | D:7      | Noticed Dowan
  5482 | D:7      | Noticed Duvessa
  5552 | D:7      | Noticed a gargoyle
  5559 | D:7      | Killed a gargoyle
  5643 | D:7      | Killed Dowan
  5706 | D:7      | Killed Duvessa
  5706 | D:7      | Reached skill level 8 in Evocations
  5877 | D:7      | Found a stormy altar of Qazlal.
  6385 | D:8      | Reached XP level 10. HP: 51/51 MP: 17/17
  6463 | D:8      | Reached *** piety under Pakellas
  6463 | D:8      | Received a gift from Pakellas
  6514 | D:8      | Found a burning altar of Makhleb.
  6514 | D:8      | Found an iron altar of Okawaru.
  6612 | D:8      | Noticed Maurice
  6619 | D:8      | Killed Maurice
  6695 | D:8      | Reached skill level 9 in Evocations
  6866 | D:8      | Found a staircase to the Lair.
  6867 | D:8      | Noticed an elephant
  6939 | D:8      | Killed an elephant
  7054 | D:9      | Got a steaming hat
  7060 | D:9      | Identified the +0 hat of Refuge {Int+5} (You found it on level 9 of the Dungeon)
  7131 | D:9      | Noticed mistymad's ghost (novice MiBe)
  7167 | Lair:1   | Entered Level 1 of the Lair of Beasts
  7711 | Lair:3   | Reached skill level 5 in Fighting
  7717 | Lair:3   | Reached skill level 10 in Evocations
  7754 | Lair:3   | Noticed epen's ghost (journeyman TeSu)
  7800 | Lair:3   | Killed epen's ghost
  8019 | Lair:3   | Reached XP level 11. HP: 56/56 MP: 19/19
  8170 | Lair:4   | Reached **** piety under Pakellas
  8170 | Lair:4   | Received a gift from Pakellas
  8213 | Lair:5   | Found a staircase to the Swamp.
  8347 | Lair:5   | Noticed Nessos
  8367 | Lair:5   | Killed Nessos
  8443 | Lair:5   | Reached skill level 11 in Evocations
  8557 | Lair:5   | Found a labyrinth entrance.
  8574 | Lab      | Entered a labyrinth
  8896 | Lab      | Noticed a minotaur
  8902 | Lab      | Killed a minotaur
  8905 | Lab      | Identified the Incunabulum of Fiery Execration
  8946 | Lair:5   | Found a frozen archway.
  8973 | IceCv    | Entered an ice cave
  9050 | Lair:7   | Reached skill level 15 in Stealth
  9071 | Lair:8   | Entered Level 8 of the Lair of Beasts
  9329 | Lair:4   | Noticed a six-headed hydra
  9331 | Lair:4   | Killed a six-headed hydra
  9331 | Lair:4   | Reached skill level 10 in Dodging
  9349 | Lair:5   | Identified a +2 rod of inaccuracy (10/10) (You found it in a labyrinth)
  9350 | Lair:5   | Reached skill level 12 in Evocations
  9517 | Lair:3   | Reached ***** piety under Pakellas
  9517 | Lair:3   | Received a gift from Pakellas
  9522 | Lair:3   | Identified a +5 rod of shadows (9/9) (Pakellas gifted it to you on level 3 of the Lair of Beasts)
  9634 | Lair:3   | Noticed a four-headed hydra
  9650 | Lair:3   | Killed a four-headed hydra
  9658 | Lair:3   | Noticed an ice dragon
  9680 | Lair:3   | Killed an ice dragon
  9680 | Lair:3   | Reached XP level 12. HP: 50/61 MP: 22/22
 10534 | Lair:1   | Reached skill level 13 in Evocations
 11265 | Lair:1   | Noticed Nergalle
 11272 | Lair:1   | Killed Nergalle
 11505 | D:9      | Found a white marble altar of Elyvilon.
 11530 | D:9      | Reached ****** piety under Pakellas
 11672 | D:9      | Killed mistymad's ghost
 12183 | D:10     | Entered Level 10 of the Dungeon
 12320 | D:10     | Noticed Psyche
 12326 | D:10     | Killed Psyche
 12326 | D:10     | Reached skill level 14 in Evocations
 12343 | D:10     | Learned a level 1 spell: Apportation
 12349 | D:10     | Learned a level 2 spell: Cure Poison
 12812 | D:10     | Noticed Josephine
 12901 | D:10     | Killed Josephine
 13397 | D:11     | Noticed an eight-headed hydra
 13415 | D:11     | Killed an eight-headed hydra
 13441 | D:11     | Reached XP level 13. HP: 58/67 MP: 25/25
 13712 | D:11     | Reached skill level 15 in Evocations
 14097 | D:12     | Noticed Erolcha
 14114 | D:12     | Killed Erolcha
 14169 | D:12     | Found a staircase to the Orcish Mines.
 14652 | D:12     | Found a shadowy altar of Dithmenos.
 14675 | D:12     | Noticed Snorg
 14724 | D:12     | Killed Snorg
 14973 | D:12     | Reached skill level 1 in Spellcasting
 15718 | D:13     | Found a gate to the Vaults.
 15718 | D:13     | Noticed Rupert
 15718 | D:13     | Noticed Norris
 16463 | Lair:3   | Reached skill level 16 in Evocations
 17625 | Lair:4   | Found a shattered altar of Ashenzari.
 17930 | Lair:3   | Identified a +10 rod of shadows (18/18) (supercharged by Pakellas)
 19247 | Lair:6   | Found a hole to the Spider Nest.
 19563 | Lair:7   | Noticed kae's ghost (journeyman NaFi)
 19588 | Lair:7   | Killed kae's ghost
 19595 | Lair:7   | Reached skill level 17 in Evocations
 19599 | Lair:7   | Reached XP level 14. HP: 74/74 MP: 17/27
 19690 | Lair:7   | Reached skill level 5 in Spellcasting
 21388 | Lair:8   | Found a staircase to the Slime Pits.
 22481 | Lair:8   | Learned a level 2 spell: Blink
 22484 | Lair:8   | Learned a level 2 spell: Shroud of Golubria
 22489 | Lair:8   | Learned a level 4 spell: Passage of Golubria
 22848 | Orc:1    | Entered Level 1 of the Orcish Mines
 23038 | Orc:2    | Entered Level 2 of the Orcish Mines
 23038 | Orc:2    | Found a roughly hewn altar of Beogh.
 23049 | Orc:1    | Reached skill level 18 in Evocations
 23086 | Orc:1    | Reached skill level 1 in Translocations
 23526 | Orc:2    | Found a staircase to the Elven Halls.
 24412 | Orc:1    | Noticed Fannar
 24419 | Orc:1    | Killed Fannar
 24760 | Orc:2    | Reached skill level 15 in Dodging
 25074 | Orc:2    | Found Uniblaem's Magic Scroll Boutique.
 25080 | Orc:2    | Found Nuwaqiv's Antique Armour Shop.
 25081 | Orc:2    | Found Ferom's Gadget Shop.
 25086 | Orc:2    | Found Tagat's Antique Weapon Boutique.
 25539 | Spider:1 | Entered Level 1 of the Spider Nest
 25604 | Spider:2 | Noticed an emperor scorpion
 26435 | Spider:1 | Reached XP level 15. HP: 80/80 MP: 24/29
 26572 | Spider:1 | Found a roughly hewn altar of Beogh.
 26643 | Spider:1 | Reached skill level 19 in Evocations
 26774 | Spider:1 | Got a crude falchion
 26776 | Spider:1 | Identified the +2 falchion of Jun Loub {holy, rPois Stlth+} (You found it on level 1 of the Spider Nest)
 27602 | Spider:1 | Reached skill level 5 in Translocations
 27956 | Spider:2 | Noticed Donald
 27960 | Spider:2 | Reached skill level 10 in Fighting
 28171 | Spider:2 | Noticed HungrySpirit's ghost (adept VSAs)
 28781 | Spider:2 | Killed Donald
 28810 | Spider:2 | Noticed Agnes
 28820 | Spider:2 | Killed Agnes
 29095 | Spider:2 | Noticed Nikola
 29248 | Spider:2 | Killed HungrySpirit's ghost
 29735 | Spider:2 | Slain by a spark wasp

Skill      XL: |  1  2  3  4  5  6  7  8  9 10 11 12 13 14 15 |
---------------+----------------------------------------------+-----
Dodging        | 2 3 4 5 6 7 9 10 12 13 15 | 15.8
Stealth        | 6 7 8 9 10 11 12 14 15 16 | 16.0
Fighting       | 2 3 4 5 6 7 8 9 10 | 10.1
Short Blades   | 3 4 5 6 8 |  8.4
Throwing       | 3 4 5 6 |  6.2
Evocations     | 3 4 6 8 10 12 14 17 18 19 | 19.5
Spellcasting   | 4 6 7 |  7.3
Translocations | 4 6 |  6.5

Action                   |  1- 3 |  4- 6 |  7- 9 | 10-12 | 13-15 || total
-------------------------+-------+-------+-------+-------+-------++-------
Melee: Dagger            |    66 |   163 |   221 |   644 |  1281 ||  2375
       Long sword        |       |       |    34 |       |       ||    34
       Falchion          |       |       |       |       |     9 ||     9
 Fire: Blowgun           |     8 |     7 |    33 |       |     1 ||    49
Throw: Stone             |    11 |       |     1 |       |       ||    12
 Cast: Cure Poison       |       |       |       |       |     8 ||     8
Invok: Quick Charge      |       |       |       |       |     7 ||     7
       Supercharge       |       |       |       |       |     1 ||     1
Evoke: Wand              |       |       |    16 |    20 |    94 ||   130
       Sack of spiders   |       |       |     2 |     9 |       ||    11
       Rod               |       |       |       |    89 |   245 ||   334
       Stone of tremors  |       |       |       |       |     1 ||     1
 Stab: Sleeping          |    15 |    11 |    18 |    44 |    39 ||   127
       Distracted        |       |     1 |       |     5 |    20 ||    26
       Paralysed         |       |       |     8 |     9 |    60 ||    77
       Betrayed ally     |       |       |       |     2 |       ||     2
  Eat: Bread ration      |       |       |     1 |     1 |     4 ||     6
       Fruit             |       |       |     1 |       |    10 ||    11
       Pizza             |       |       |       |       |     4 ||     4
       Royal jelly       |       |       |       |       |     2 ||     2
Armor: Robe              |     5 |     6 |    10 |    23 |    39 ||    83
Dodge: Dodged            |    31 |   117 |   221 |   537 |  1213 ||  2119
